Coyotes vs Stars
Created - May 1, 2017 at 19:31
Goals
|
Coyotes |
2 |
1 |
3 |
6 |
Stars |
1 |
3 |
0 |
4 |
|
Shots
|
Coyotes |
10 |
9 |
17 |
36 |
Stars |
10 |
11 |
3 |
24 |
|
1st period
1. Coyotes , Brooks Laich 16 (Tyler Ennis 38, Eric Brewer 26) at 5:51
2. Coyotes , Vincent Lecavalier 21 (Zach Parise 36) at 11:17
3. Stars , Radim Vrbata 31 (John Tavares 60, Scott Hartnell 27) at 13:33 (PP)
Penalties :
Ryan Getzlaf (Dal) for Boarding (Minor) at 2:11, Chris Stewart (Ari) for Roughing (Minor) at 11:35, Brent Sopel (Ari) for Tripping (Minor) at 14:50
2nd period
4. Coyotes , Vincent Lecavalier 22 (Marian Gaborik 35, Anton Stralman 19) at 1:31
5. Stars , Ryan Getzlaf 17 (Michael Frolik 43, Johnny Oduya 25) at 4:30
6. Stars , Sean Avery 1 (Evgeny Artyukhin 27, Marcus Kruger 13) at 12:13
7. Stars , John Tavares 47 (Radim Vrbata 45) at 18:30 (PP)
Penalties :
Georges Laraque (Ari) for Holding (Minor) at 6:01, Enver Lisin (Ari) for Hooking (Minor) at 18:22
3rd period
8. Coyotes , Nazem Kadri 21 (Toni Lydman 12, Chris Stewart 22) at 4:41
9. Coyotes , Tyler Ennis 33 (Josh Gorges 14, Georges Laraque 12) at 6:32
10. Coyotes , Martin Samuelsson 11 (Maxim Talbot 15, Enver Lisin 28) at 14:47
Penalties :
Trevor Daley (Dal) for Roughing (Minor) at 9:44, John Tavares (Dal) for High sticking (Minor) at 12:25, Radim Vrbata (Dal) for Hooking (Minor) at 15:09
Goalie Stats
Ryan Miller (Ari), 20 saves from 24 shots - (0.833), W, 28-24-2, 60:00 minutes
Pascal Leclaire (Dal), 30 saves from 36 shots - (0.833), L, 26-23-3, 60:00 minutes
Players Stats for Coyotes
Player Name G A P +/- PIM S H SB GA TA FO MP PP MP PK MP
------------------------------------------------------------------------------------
Anton Stralman 0 1 1 0 0 1 3 2 0 1 0/0 20:31 3:46 3:47
Brent Sopel 0 0 0 1 2 2 3 0 0 0 0/0 18:59 3:56 0:00
Brooks Laich 1 0 1 2 0 3 1 0 0 0 4/8 12:13 0:00 0:00
Chris Stewart 0 1 1 1 2 4 1 0 0 0 0/0 14:37 3:37 0:00
Enver Lisin 0 1 1 0 2 0 2 0 0 0 0/0 7:26 0:00 0:00
Eric Brewer 0 1 1 3 0 1 1 1 0 0 0/0 20:31 0:14 2:17
Georges Laraque 0 1 1 2 2 1 1 1 0 0 1/3 13:24 0:00 1:20
Josh Gorges 0 1 1 2 0 1 0 1 0 1 0/0 21:18 3:17 2:17
Kristopher Letang 0 0 0 2 0 1 1 1 0 0 0/0 22:23 4:39 0:00
Marian Gaborik 0 1 1 1 0 2 1 0 0 1 0/1 20:14 4:19 0:00
Martin Samuelsson 1 0 1 0 0 3 1 0 1 0 0/0 10:34 0:00 3:18
Maxim Talbot 0 1 1 0 0 0 1 0 0 0 4/10 9:33 0:00 3:11
Nazem Kadri 1 0 1 1 0 2 4 0 0 0 5/10 15:51 3:37 0:52
Ramzi Abid 0 0 0 1 0 0 3 0 0 0 0/0 13:15 0:00 2:33
Toni Lydman 0 1 1 0 0 0 1 3 0 0 0/0 16:17 0:00 3:47
Tyler Ennis 1 1 2 2 0 8 0 0 0 0 0/0 15:16 3:37 0:00
Vincent Lecavalier 2 0 2 1 0 5 4 1 0 1 20/28 20:14 4:19 0:00
Zach Parise 0 1 1 1 0 2 1 0 1 2 0/0 21:16 4:19 0:54
Players Stats for Stars
Player Name G A P +/- PIM S H SB GA TA FO MP PP MP PK MP
------------------------------------------------------------------------------------
Andrei Markov 0 0 0 0 0 0 1 1 0 0 0/0 17:26 0:00 4:30
Brian Lee 0 0 0 -4 0 0 0 0 0 0 0/0 28:05 4:29 3:26
Evgeny Artyukhin 0 1 1 0 0 1 0 0 0 0 0/0 6:13 0:00 0:00
John Tavares 1 1 2 -3 2 4 0 1 2 0 13/30 21:19 3:38 0:52
Johnny Oduya 0 1 1 0 0 2 1 1 0 0 0/0 14:29 1:35 0:00
Jussi Jokinen 0 0 0 -1 0 2 0 0 0 0 0/0 18:29 2:26 2:03
Marcus Kruger 0 1 1 -1 0 0 1 0 1 0 2/2 9:00 0:00 2:27
Michael Frolik 0 1 1 -1 0 5 0 0 1 0 0/0 16:35 2:26 0:00
Michal Handzus 0 0 0 0 0 0 3 0 0 0 4/9 13:16 0:00 4:25
Paul Martin 0 0 0 -1 0 0 1 0 0 1 0/0 18:21 1:35 3:26
Peter Worrell 0 0 0 -1 0 1 1 0 0 0 0/0 11:24 0:00 2:04
Radim Vrbata 1 1 2 -2 2 3 1 1 1 0 0/1 19:45 3:38 0:00
Ryan Getzlaf 1 0 1 -1 2 1 1 2 0 0 7/18 17:05 2:26 0:12
Scott Hartnell 0 1 1 -2 0 1 0 0 1 0 0/0 19:46 3:38 0:00
Scottie Upshall 0 0 0 0 0 1 1 0 0 0 0/0 8:51 0:00 0:00
Sean Avery 1 0 1 0 0 2 0 0 0 1 0/0 10:12 0:00 3:49
Shaone Morrisonn 0 0 0 0 0 1 0 1 0 0 0/0 17:26 0:00 4:30
Trevor Daley 0 0 0 -3 2 0 0 1 0 0 0/0 24:18 4:29 0:00
3 Stars
1 - Vincent Lecavalier (Ari)
2 - Tyler Ennis (Ari)
3 - Nazem Kadri (Ari)
Power Play
Coyotes - 0 on 4 Attempt(s) - 0.00%
Stars - 2 on 4 Attempt(s) - 50.00%
Penalty Kill
Coyotes - 2 on 4 Attempt(s) - 50.00%
- Score 0 goal in Penalty Kill
Stars - 4 on 4 Attempt(s) - 100.00%
- Score 0 goal in Penalty Kill
Team Stat
Coyotes - Hits : 29 - Faceoff Wins : 34 - Blocked Shots : 10 - Penalty Minutes : 8
Stars - Hits : 11 - Faceoff Wins : 26 - Blocked Shots : 8 - Penalty Minutes : 8
Official
Referees : Devorski Paul and Kowal Tom
Linesman : Mark Shewchyk and Greg Devorski
Game Notes
No Game Note
Finance
Level 1 -- Attendance: 5811 (96.85%) -- Ticket Income $348,660
Level 2 -- Attendance: 5000 (100.00%) -- Ticket Income $250,000
Level 3 -- Attendance: 1399 (69.95%) -- Ticket Income $55,960
Level 4 -- Attendance: 2594 (64.85%) -- Ticket Income $77,820
Luxury Box -- Attendance: 1000 (100.00%) -- Ticket Income $100,000
Game was played at the American Airlines Center.
Total Attendance: 15804 (87.80%)
Total Ticket Income: $832,440
Other Income: $124,866
Total Income: $957,306
Coyotes
5 vs 5 Forward
Center Left Wing Right Wing Time % Phy DF OF
1 Vincent Lecavalier Zach Parise Marian Gaborik 38 1 1 3
2 Brooks Laich Tyler Ennis Georges Laraque 24 1 2 2
3 Nazem Kadri Ramzi Abid Chris Stewart 24 1 2 2
4 Maxim Talbot Martin Samuelsson Enver Lisin 14 1 2 2
5 vs 5 Defense
Defense Defense Time % Phy DF OF
1 Kristopher Letang Eric Brewer 40 1 2 2
2 Josh Gorges Brent Sopel 34 1 2 2
3 Toni Lydman Anton Stralman 26 1 2 2
4 Kristopher Letang Anton Stralman 0 1 3 1
PowerPlay Forward
Center Left Wing Right Wing Time % Phy DF OF
1 Vincent Lecavalier Zach Parise Marian Gaborik 60 1 0 4
2 Nazem Kadri Tyler Ennis Chris Stewart 40 1 0 4
PowerPlay Defense
Defense Defense Time % Phy DF OF
1 Kristopher Letang Brent Sopel 60 0 2 3
2 Anton Stralman Josh Gorges 40 0 2 3
Penalty Kill 4 Players Forward
Center Wing Time % Phy DF OF
1 Maxim Talbot Martin Samuelsson 55 0 4 1
2 Ramzi Abid Georges Laraque 45 0 4 1
Penalty Kill 4 Players Defense
Defense Defense Time % Phy DF OF
1 Toni Lydman Anton Stralman 60 1 4 0
2 Josh Gorges Eric Brewer 40 1 4 0
Penalty Kill - 3 Players Forward
Forward Time % Phy DF OF
1 Zach Parise 60 0 4 1
2 Ramzi Abid 40 0 4 1
Penalty Kill - 3 Players Defense
Defense Defense Time % Phy DF OF
1 Toni Lydman Anton Stralman 60 1 4 0
2 Eric Brewer Kristopher Letang 40 1 4 0
4 vs 4 Forward
Center Wing Time % Phy DF OF
1 Vincent Lecavalier Marian Gaborik 55 0 2 3
2 Nazem Kadri Zach Parise 45 0 2 3
4 vs 4 Defense
Defense Defense Time % Phy DF OF
1 Kristopher Letang Eric Brewer 60 1 3 1
2 Josh Gorges Anton Stralman 40 1 3 1
Last Minutes Offensive
Center Left Wing Right Wing Defense Defense
Vincent Lecavalier Zach Parise Marian Gaborik Kristopher Letang Eric Brewer
Last Minutes Defensive
Center Left Wing Right Wing Defense Defense
Vincent Lecavalier Zach Parise Georges Laraque Josh Gorges Eric Brewer
Goaltenders
Starting : Ryan Miller
Backup : Adam Munro
Extra Forwards
Normal : Marian Gaborik, Brooks Laich, Enver Lisin - PP : Brooks Laich, Maxim Talbot - PK : Maxim Talbot
Extra Defensemen
Normal : Kristopher Letang, Josh Gorges, Brent Sopel - PP : Anton Stralman - PK : Kristopher Letang, Brent Sopel
Penalty Shots
Tyler Ennis, Vincent Lecavalier, Marian Gaborik, Zach Parise, Chris Stewart
Scratches
None
Stars
5 vs 5 Forward
Center Left Wing Right Wing Time % Phy DF OF
1 John Tavares Scott Hartnell Radim Vrbata 38 0 1 4
2 Ryan Getzlaf Jussi Jokinen Michael Frolik 30 0 2 3
3 Michal Handzus Peter Worrell Scottie Upshall 20 1 2 2
4 Marcus Kruger Sean Avery Evgeny Artyukhin 12 1 2 2
5 vs 5 Defense
Defense Defense Time % Phy DF OF
1 Brian Lee Trevor Daley 40 0 2 3
2 Paul Martin Johnny Oduya 30 1 2 2
3 Andrei Markov Shaone Morrisonn 20 1 3 1
4 Andrei Markov Shaone Morrisonn 10 1 3 1
PowerPlay Forward
Center Left Wing Right Wing Time % Phy DF OF
1 John Tavares Scott Hartnell Radim Vrbata 60 0 1 4
2 Ryan Getzlaf Jussi Jokinen Michael Frolik 40 0 1 4
PowerPlay Defense
Defense Defense Time % Phy DF OF
1 Brian Lee Trevor Daley 60 0 2 3
2 Paul Martin Johnny Oduya 40 0 2 3
Penalty Kill 4 Players Forward
Center Wing Time % Phy DF OF
1 Michal Handzus Sean Avery 60 0 3 2
2 Marcus Kruger Peter Worrell 40 0 3 2
Penalty Kill 4 Players Defense
Defense Defense Time % Phy DF OF
1 Andrei Markov Shaone Morrisonn 60 1 3 1
2 Paul Martin Brian Lee 40 1 3 1
Penalty Kill - 3 Players Forward
Forward Time % Phy DF OF
1 Michal Handzus 60 0 3 2
2 Radim Vrbata 40 0 3 2
Penalty Kill - 3 Players Defense
Defense Defense Time % Phy DF OF
1 Brian Lee Johnny Oduya 60 0 4 1
2 Paul Martin Trevor Daley 40 0 4 1
4 vs 4 Forward
Center Wing Time % Phy DF OF
1 John Tavares Scott Hartnell 60 1 2 2
2 Ryan Getzlaf Radim Vrbata 40 1 2 2
4 vs 4 Defense
Defense Defense Time % Phy DF OF
1 Brian Lee Johnny Oduya 60 1 2 2
2 Paul Martin Trevor Daley 40 1 2 2
Last Minutes Offensive
Center Left Wing Right Wing Defense Defense
John Tavares Scott Hartnell Radim Vrbata Brian Lee Johnny Oduya
Last Minutes Defensive
Center Left Wing Right Wing Defense Defense
John Tavares Scott Hartnell Radim Vrbata Brian Lee Johnny Oduya
Goaltenders
Starting : Pascal Leclaire
Backup : Miika Kiprusoff
Extra Forwards
Normal : Evgeny Artyukhin, Scottie Upshall, Michal Handzus - PP : Evgeny Artyukhin, Scottie Upshall - PK : Michal Handzus
Extra Defensemen
Normal : Andrei Markov, Shaone Morrisonn, Paul Martin - PP : Andrei Markov - PK : Shaone Morrisonn, Paul Martin
Penalty Shots
John Tavares, Scott Hartnell, Brian Lee, Peter Worrell, Jussi Jokinen
Scratches
None
% Time on Ice - Coyotes
Lines # - Real PCT - Wanted PCT - Time Play
Normal Forward
1 - 36% - 38% - 16:22
2 - 28% - 24% - 12:42
3 - 23% - 24% - 10:34
4 - 14% - 14% - 6:22
Normal Defense
1 - 41% - 40% - 18:38
2 - 33% - 34% - 15:04
3 - 27% - 26% - 12:18
4 - 0% - 0% - 0:00
PP Forward
1 - 54% - 60% - 4:19
2 - 46% - 40% - 3:37
PP Defense
1 - 59% - 60% - 4:39
2 - 41% - 40% - 3:17
PK Forward
1 - 60% - 55% - 3:38
2 - 40% - 45% - 2:26
PK Defense
1 - 62% - 60% - 3:47
2 - 38% - 40% - 2:17
PK3 Forward
1 - 0% - 60%
2 - 0% - 40%
PK3 Defense
1 - 0% - 60%
2 - 0% - 40%
44 Forward
1 - 0% - 55%
2 - 0% - 45%
44 Defense
1 - 0% - 60%
2 - 0% - 40%
Last Minute Offensive - 0:00
Last Minute Defensive - 0:00
Total
Forward - 60:00
Defense - 60:00
|
% Time on Ice - Stars
Lines # - Real PCT - Wanted PCT - Time Play
Normal Forward
1 - 36% - 38% - 16:27
2 - 32% - 30% - 14:38
3 - 19% - 20% - 8:51
4 - 13% - 12% - 6:04
Normal Defense
1 - 45% - 40% - 20:33
2 - 29% - 30% - 13:20
3 - 19% - 20% - 8:54
4 - 7% - 10% - 3:13
PP Forward
1 - 60% - 60% - 3:38
2 - 40% - 40% - 2:26
PP Defense
1 - 74% - 60% - 4:29
2 - 26% - 40% - 1:35
PK Forward
1 - 74% - 60% - 5:52
2 - 26% - 40% - 2:04
PK Defense
1 - 57% - 60% - 4:30
2 - 43% - 40% - 3:26
PK3 Forward
1 - 0% - 60%
2 - 0% - 40%
PK3 Defense
1 - 0% - 60%
2 - 0% - 40%
44 Forward
1 - 0% - 60%
2 - 0% - 40%
44 Defense
1 - 0% - 60%
2 - 0% - 40%
Last Minute Offensive - 0:00
Last Minute Defensive - 0:00
Total
Forward - 60:00
Defense - 60:00
|
Play by Play
1st period
0:01 of 1st period - John Tavares wins face-off versus Vincent Lecavalier in neutral zone.
0:32 of 1st period - Wrist shot by Tyler Ennis.
0:32 of 1st period - Stopped by Pascal Leclaire with a rebound.
1:12 of 1st period - Josh Gorges is hit by Marcus Kruger and loses puck.
1:31 of 1st period - Nazem Kadri is hit by Radim Vrbata and loses puck.
2:01 of 1st period - Snap shot by Marian Gaborik.
2:01 of 1st period - Stopped by Pascal Leclaire with a rebound.
2:11 of 1st period - Minor Penalty to Ryan Getzlaf for Boarding.
2:12 of 1st period - Vincent Lecavalier wins face-off versus Michal Handzus in Stars zone.
3:55 of 1st period - Anton Stralman is hit by Michal Handzus and loses puck.
4:11 of 1st period - Penalty to Ryan Getzlaf is over, Ryan Getzlaf is back on ice.
4:23 of 1st period - Slapshot by John Tavares.
4:23 of 1st period - Shot Blocked by Josh Gorges.
4:25 of 1st period - Backhand shot by Johnny Oduya.
4:25 of 1st period - Stopped by Ryan Miller with a rebound.
4:27 of 1st period - Snap shot by Sean Avery.
4:27 of 1st period - Stopped by Ryan Miller with a rebound.
4:29 of 1st period - Snap shot by Paul Martin.
4:29 of 1st period - Deflect By John Tavares.
4:29 of 1st period - Shot Misses the Net.
4:29 of 1st period - Puck is out of play.
4:30 of 1st period - John Tavares wins face-off versus Georges Laraque in Coyotes zone.
4:47 of 1st period - Brian Lee is hit by Maxim Talbot.
5:11 of 1st period - Wrist shot by Nazem Kadri.
5:11 of 1st period - Deflect By Chris Stewart.
5:11 of 1st period - Stopped by Pascal Leclaire with a rebound.
5:27 of 1st period - Kristopher Letang is hit by Scottie Upshall and loses puck.
5:42 of 1st period - Brian Lee is hit by Eric Brewer and loses puck.
5:51 of 1st period - Wrist shot by Brooks Laich.
5:51 of 1st period - Goal by Brooks Laich - Coyotes : 1 - Stars : 0.
5:52 of 1st period - Vincent Lecavalier wins face-off versus John Tavares in neutral zone.
6:17 of 1st period - Eric Brewer is hit by Andrei Markov and loses puck.
6:22 of 1st period - Slapshot by Jussi Jokinen.
6:22 of 1st period - Shot Misses the Net.
6:24 of 1st period - Wrist shot by Ryan Getzlaf.
6:24 of 1st period - Shot Misses the Net.
6:26 of 1st period - Slapshot by Ryan Getzlaf.
6:26 of 1st period - Shot Blocked by Eric Brewer.
6:28 of 1st period - Slapshot by Jussi Jokinen.
6:28 of 1st period - Shot Misses the Net.
6:42 of 1st period - Wrist shot by Chris Stewart.
6:42 of 1st period - Shot Misses the Net.
7:21 of 1st period - Slapshot by Brent Sopel.
7:21 of 1st period - Deflect By John Tavares.
7:21 of 1st period - Stopped by Pascal Leclaire without a rebound.
7:22 of 1st period - Vincent Lecavalier wins face-off versus John Tavares in Stars zone.
7:27 of 1st period - Snap shot by Marian Gaborik.
7:27 of 1st period - Shot Misses the Net.
7:29 of 1st period - Wrist shot by Marian Gaborik.
7:29 of 1st period - Shot Blocked by Shaone Morrisonn.
8:11 of 1st period - Slapshot by Chris Stewart.
8:11 of 1st period - Stopped by Pascal Leclaire with a rebound.
8:18 of 1st period - Off-side.
8:19 of 1st period - Vincent Lecavalier wins face-off versus John Tavares in neutral zone.
8:24 of 1st period - Wrist shot by Vincent Lecavalier.
8:24 of 1st period - Shot Blocked by Trevor Daley.
8:26 of 1st period - Backhand shot by Vincent Lecavalier.
8:26 of 1st period - Stopped by Pascal Leclaire without a rebound.
8:27 of 1st period - Vincent Lecavalier wins face-off versus John Tavares in Stars zone.
9:00 of 1st period - Snap shot by Michael Frolik.
9:00 of 1st period - Stopped by Ryan Miller without a rebound.
9:01 of 1st period - Ryan Getzlaf wins face-off versus Vincent Lecavalier in Coyotes zone.
9:04 of 1st period - Snap shot by Jussi Jokinen.
9:04 of 1st period - Shot Misses the Net.
9:14 of 1st period - Wrist shot by Jussi Jokinen.
9:14 of 1st period - Stopped by Ryan Miller without a rebound.
9:15 of 1st period - Vincent Lecavalier wins face-off versus John Tavares in Coyotes zone.
9:24 of 1st period - Snap shot by Vincent Lecavalier.
9:24 of 1st period - Stopped by Pascal Leclaire without a rebound.
9:25 of 1st period - John Tavares wins face-off versus Vincent Lecavalier in Stars zone.
9:25 of 1st period - John Tavares is hit by Vincent Lecavalier.
9:59 of 1st period - Snap shot by John Tavares.
9:59 of 1st period - Shot Misses the Net.
11:15 of 1st period - Wrist shot by Zach Parise.
11:15 of 1st period - Stopped by Pascal Leclaire with a rebound.
11:17 of 1st period - Slapshot by Vincent Lecavalier.
11:17 of 1st period - Goal by Vincent Lecavalier - Coyotes : 2 - Stars : 0.
11:18 of 1st period - Ryan Getzlaf wins face-off versus Nazem Kadri in neutral zone.
11:20 of 1st period - Off-side.
11:21 of 1st period - Nazem Kadri wins face-off versus Ryan Getzlaf in neutral zone.
11:35 of 1st period - Minor Penalty to Chris Stewart for Roughing.
11:36 of 1st period - Ryan Getzlaf wins face-off versus Maxim Talbot in Coyotes zone.
11:40 of 1st period - Slapshot by Ryan Getzlaf.
11:40 of 1st period - Deflect By Michael Frolik.
11:40 of 1st period - Stopped by Ryan Miller without a rebound.
11:41 of 1st period - Maxim Talbot wins face-off versus Ryan Getzlaf in Coyotes zone.
12:59 of 1st period - Snap shot by John Tavares.
12:59 of 1st period - Stopped by Ryan Miller with a rebound.
13:31 of 1st period - Wrist shot by John Tavares.
13:31 of 1st period - Stopped by Ryan Miller with a rebound.
13:33 of 1st period - Slapshot by Radim Vrbata.
13:33 of 1st period - Deflect By Eric Brewer.
13:33 of 1st period - Goal by Radim Vrbata - Coyotes : 2 - Stars : 1.
13:34 of 1st period - Brooks Laich wins face-off versus Ryan Getzlaf in neutral zone.
13:59 of 1st period - Scottie Upshall is hit by Brent Sopel.
14:09 of 1st period - Snap shot by Michal Handzus.
14:09 of 1st period - Shot Misses the Net.
14:19 of 1st period - Marcus Kruger is hit by Enver Lisin and loses puck.
14:50 of 1st period - Minor Penalty to Brent Sopel for Tripping.
14:51 of 1st period - Ryan Getzlaf wins face-off versus Maxim Talbot in Coyotes zone.
14:52 of 1st period - Snap shot by Michael Frolik.
14:52 of 1st period - Deflect By Martin Samuelsson.
14:52 of 1st period - Stopped by Ryan Miller without a rebound.
14:53 of 1st period - Maxim Talbot wins face-off versus Ryan Getzlaf in Coyotes zone.
15:04 of 1st period - Brian Lee is hit by Anton Stralman and loses puck.
15:21 of 1st period - Snap shot by Radim Vrbata.
15:21 of 1st period - Stopped by Ryan Miller with a rebound.
16:39 of 1st period - Johnny Oduya is hit by Nazem Kadri and loses puck.
16:50 of 1st period - Penalty to Brent Sopel is over, Brent Sopel is back on ice.
17:00 of 1st period - Marian Gaborik is hit by Michal Handzus and loses puck.
17:15 of 1st period - Sean Avery is hit by Brooks Laich and loses puck.
18:17 of 1st period - Peter Worrell is hit by Georges Laraque and loses puck.
18:34 of 1st period - Slapshot by Vincent Lecavalier.
18:34 of 1st period - Shot Misses the Net.
19:12 of 1st period - Anton Stralman is hit by Paul Martin and loses puck.
19:25 of 1st period - Johnny Oduya is hit by Vincent Lecavalier and loses puck.
19:48 of 1st period - Snap shot by Maxim Talbot.
19:48 of 1st period - Shot Misses the Net.
Goals for this period are 2 for Coyotes vs 1 for Stars.
Shots for this period are 10 for Coyotes vs 10 for Stars.
2nd period
0:01 of 2nd period - Ryan Getzlaf wins face-off versus Nazem Kadri in neutral zone.
0:04 of 2nd period - Chris Stewart is hit by Ryan Getzlaf and loses puck.
0:25 of 2nd period - Zach Parise is hit by Peter Worrell and loses puck.
0:30 of 2nd period - Snap shot by Peter Worrell.
0:30 of 2nd period - Deflect By Scottie Upshall.
0:30 of 2nd period - Stopped by Ryan Miller with a rebound.
0:32 of 2nd period - Slapshot by Johnny Oduya.
0:32 of 2nd period - Deflect By Peter Worrell.
0:32 of 2nd period - Stopped by Ryan Miller without a rebound.
0:33 of 2nd period - Georges Laraque wins face-off versus John Tavares in Coyotes zone.
1:07 of 2nd period - Slapshot by Radim Vrbata.
1:07 of 2nd period - Shot Misses the Net.
1:31 of 2nd period - Snap shot by Vincent Lecavalier.
1:31 of 2nd period - Goal by Vincent Lecavalier - Coyotes : 3 - Stars : 1.
1:32 of 2nd period - Ryan Getzlaf wins face-off versus Brooks Laich in neutral zone.
1:44 of 2nd period - Icing by Josh Gorges.
1:45 of 2nd period - John Tavares wins face-off versus Georges Laraque in Coyotes zone.
1:52 of 2nd period - Wrist shot by Tyler Ennis.
1:52 of 2nd period - Shot Misses the Net.
1:54 of 2nd period - Snap shot by Georges Laraque.
1:54 of 2nd period - Deflect By Tyler Ennis.
1:54 of 2nd period - Stopped by Pascal Leclaire without a rebound.
1:55 of 2nd period - John Tavares wins face-off versus Marian Gaborik in Stars zone.
2:59 of 2nd period - Snap shot by John Tavares.
2:59 of 2nd period - Deflect By Maxim Talbot.
2:59 of 2nd period - Shot Blocked by Kristopher Letang.
2:59 of 2nd period - Puck is out of play.
3:00 of 2nd period - Vincent Lecavalier wins face-off versus Ryan Getzlaf in Coyotes zone.
3:11 of 2nd period - Wrist shot by Zach Parise.
3:11 of 2nd period - Shot Misses the Net.
3:23 of 2nd period - Anton Stralman is hit by Johnny Oduya and loses puck.
3:28 of 2nd period - Snap shot by Ryan Getzlaf.
3:28 of 2nd period - Shot Blocked by Vincent Lecavalier.
3:50 of 2nd period - Slapshot by Marian Gaborik.
3:50 of 2nd period - Shot Misses the Net.
4:30 of 2nd period - Slapshot by Ryan Getzlaf.
4:30 of 2nd period - Goal by Ryan Getzlaf - Coyotes : 3 - Stars : 2.
4:31 of 2nd period - Nazem Kadri wins face-off versus Michal Handzus in neutral zone.
4:34 of 2nd period - Brian Lee is hit by Nazem Kadri and loses puck.
4:45 of 2nd period - Snap shot by Chris Stewart.
4:45 of 2nd period - Shot Misses the Net.
4:57 of 2nd period - Brian Lee is hit by Martin Samuelsson.
5:03 of 2nd period - Slapshot by Martin Samuelsson.
5:03 of 2nd period - Stopped by Pascal Leclaire without a rebound.
5:04 of 2nd period - Maxim Talbot wins face-off versus John Tavares in Stars zone.
5:37 of 2nd period - Wrist shot by Brooks Laich.
5:37 of 2nd period - Shot Misses the Net.
5:39 of 2nd period - Slapshot by Eric Brewer.
5:39 of 2nd period - Stopped by Pascal Leclaire without a rebound.
5:40 of 2nd period - Michal Handzus wins face-off versus Brooks Laich in Stars zone.
6:01 of 2nd period - Minor Penalty to Georges Laraque for Holding.
6:02 of 2nd period - John Tavares wins face-off versus Maxim Talbot in Coyotes zone.
6:29 of 2nd period - Trevor Daley is hit by Ramzi Abid and loses puck.
7:11 of 2nd period - Snap shot by Nazem Kadri.
7:11 of 2nd period - Stopped by Pascal Leclaire without a rebound.
7:12 of 2nd period - Nazem Kadri wins face-off versus Ryan Getzlaf in Stars zone.
8:01 of 2nd period - Penalty to Georges Laraque is over, Georges Laraque is back on ice.
8:08 of 2nd period - Icing by Brian Lee.
8:09 of 2nd period - Brooks Laich wins face-off versus John Tavares in Stars zone.
8:10 of 2nd period - Slapshot by Tyler Ennis.
8:10 of 2nd period - Deflect By Brooks Laich.
8:10 of 2nd period - Stopped by Pascal Leclaire with a rebound.
8:26 of 2nd period - Wrist shot by Vincent Lecavalier.
8:26 of 2nd period - Shot Blocked by Johnny Oduya.
8:34 of 2nd period - Peter Worrell is hit by Vincent Lecavalier and loses puck.
8:47 of 2nd period - Icing by Kristopher Letang.
8:48 of 2nd period - Nazem Kadri wins face-off versus Ryan Getzlaf in Coyotes zone.
9:31 of 2nd period - Icing by Kristopher Letang.
9:32 of 2nd period - Brooks Laich wins face-off versus Michal Handzus in Coyotes zone.
10:36 of 2nd period - Icing by Kristopher Letang.
10:37 of 2nd period - Marcus Kruger wins face-off versus Nazem Kadri in Coyotes zone.
10:38 of 2nd period - Snap shot by Evgeny Artyukhin.
10:38 of 2nd period - Stopped by Ryan Miller without a rebound.
10:39 of 2nd period - Vincent Lecavalier wins face-off versus John Tavares in Coyotes zone.
10:56 of 2nd period - Wrist shot by Scott Hartnell.
10:56 of 2nd period - Stopped by Ryan Miller without a rebound.
10:57 of 2nd period - Nazem Kadri wins face-off versus Ryan Getzlaf in Coyotes zone.
11:57 of 2nd period - Slapshot by Tyler Ennis.
11:57 of 2nd period - Stopped by Pascal Leclaire with a rebound.
12:13 of 2nd period - Snap shot by Sean Avery.
12:13 of 2nd period - Goal by Sean Avery - Coyotes : 3 - Stars : 3.
12:14 of 2nd period - John Tavares wins face-off versus Vincent Lecavalier in neutral zone.
12:19 of 2nd period - Snap shot by John Tavares.
12:19 of 2nd period - Shot Misses the Net.
12:41 of 2nd period - Ryan Getzlaf is hit by Kristopher Letang and loses puck.
13:27 of 2nd period - Off-side.
13:28 of 2nd period - Vincent Lecavalier wins face-off versus John Tavares in neutral zone.
13:35 of 2nd period - Snap shot by Vincent Lecavalier.
13:35 of 2nd period - Shot Misses the Net.
13:37 of 2nd period - Slapshot by Marian Gaborik.
13:37 of 2nd period - Stopped by Pascal Leclaire with a rebound.
14:39 of 2nd period - Peter Worrell is hit by Brent Sopel.
15:13 of 2nd period - Snap shot by Jussi Jokinen.
15:13 of 2nd period - Stopped by Ryan Miller with a rebound.
15:15 of 2nd period - Snap shot by Michael Frolik.
15:15 of 2nd period - Stopped by Ryan Miller without a rebound.
15:16 of 2nd period - Maxim Talbot wins face-off versus Ryan Getzlaf in Coyotes zone.
15:31 of 2nd period - Slapshot by Michael Frolik.
15:31 of 2nd period - Stopped by Ryan Miller with a rebound.
15:43 of 2nd period - Scott Hartnell is hit by Brent Sopel and loses puck.
15:52 of 2nd period - Wrist shot by Zach Parise.
15:52 of 2nd period - Shot Misses the Net.
16:38 of 2nd period - Jussi Jokinen is hit by Nazem Kadri and loses puck.
17:19 of 2nd period - Slapshot by Zach Parise.
17:19 of 2nd period - Shot Blocked by Andrei Markov.
17:55 of 2nd period - Michael Frolik is hit by Nazem Kadri.
18:03 of 2nd period - Wrist shot by Michael Frolik.
18:03 of 2nd period - Shot Blocked by Anton Stralman.
18:05 of 2nd period - Snap shot by Jussi Jokinen.
18:05 of 2nd period - Shot Blocked by Toni Lydman.
18:22 of 2nd period - Minor Penalty to Enver Lisin for Hooking.
18:23 of 2nd period - John Tavares wins face-off versus Maxim Talbot in Coyotes zone.
18:26 of 2nd period - Snap shot by John Tavares.
18:26 of 2nd period - Stopped by Ryan Miller without a rebound.
18:27 of 2nd period - John Tavares wins face-off versus Maxim Talbot in Coyotes zone.
18:30 of 2nd period - Wrist shot by John Tavares.
18:30 of 2nd period - Goal by John Tavares - Coyotes : 3 - Stars : 4.
18:31 of 2nd period - Vincent Lecavalier wins face-off versus John Tavares in neutral zone.
18:36 of 2nd period - Slapshot by Josh Gorges.
18:36 of 2nd period - Shot Misses the Net.
18:46 of 2nd period - Snap shot by Vincent Lecavalier.
18:46 of 2nd period - Deflect By Marian Gaborik.
18:46 of 2nd period - Shot Misses the Net.
18:46 of 2nd period - Puck is out of play.
18:47 of 2nd period - Ryan Getzlaf wins face-off versus Brooks Laich in Stars zone.
19:00 of 2nd period - Slapshot by Georges Laraque.
19:00 of 2nd period - Deflect By Tyler Ennis.
19:00 of 2nd period - Shot Blocked by Ryan Getzlaf.
19:00 of 2nd period - Puck is out of play.
19:01 of 2nd period - John Tavares wins face-off versus Vincent Lecavalier in Stars zone.
19:01 of 2nd period - John Tavares is hit by Marian Gaborik.
19:32 of 2nd period - Backhand shot by Ramzi Abid.
19:32 of 2nd period - Shot Misses the Net.
19:58 of 2nd period - Snap shot by Tyler Ennis.
19:58 of 2nd period - Stopped by Pascal Leclaire without a rebound.
19:59 of 2nd period - Vincent Lecavalier wins face-off versus John Tavares in Stars zone.
Goals for this period are 1 for Coyotes vs 3 for Stars.
Shots for this period are 9 for Coyotes vs 11 for Stars.
3rd period
0:01 of 3rd period - Vincent Lecavalier wins face-off versus John Tavares in neutral zone.
0:26 of 3rd period - Ryan Getzlaf is hit by Toni Lydman and loses puck.
0:55 of 3rd period - Slapshot by Tyler Ennis.
0:55 of 3rd period - Stopped by Pascal Leclaire with a rebound.
1:09 of 3rd period - Snap shot by Marcus Kruger.
1:09 of 3rd period - Shot Blocked by Toni Lydman.
1:11 of 3rd period - Slapshot by Sean Avery.
1:11 of 3rd period - Shot Blocked by Anton Stralman.
1:13 of 3rd period - Snap shot by Shaone Morrisonn.
1:13 of 3rd period - Stopped by Ryan Miller without a rebound.
1:14 of 3rd period - John Tavares wins face-off versus Maxim Talbot in Coyotes zone.
1:15 of 3rd period - Slapshot by Radim Vrbata.
1:15 of 3rd period - Stopped by Ryan Miller without a rebound.
1:16 of 3rd period - John Tavares wins face-off versus Vincent Lecavalier in Coyotes zone.
1:47 of 3rd period - Slapshot by Kristopher Letang.
1:47 of 3rd period - Stopped by Pascal Leclaire with a rebound.
2:25 of 3rd period - Johnny Oduya is hit by Zach Parise and loses puck.
3:57 of 3rd period - Snap shot by Vincent Lecavalier.
3:57 of 3rd period - Shot Misses the Net.
3:59 of 3rd period - Slapshot by Anton Stralman.
3:59 of 3rd period - Stopped by Pascal Leclaire with a rebound.
4:01 of 3rd period - Snap shot by Zach Parise.
4:01 of 3rd period - Stopped by Pascal Leclaire without a rebound.
4:02 of 3rd period - Vincent Lecavalier wins face-off versus John Tavares in Stars zone.
4:28 of 3rd period - Radim Vrbata is hit by Chris Stewart and loses puck.
4:35 of 3rd period - Backhand shot by Nazem Kadri.
4:35 of 3rd period - Shot Blocked by John Tavares.
4:37 of 3rd period - Wrist shot by Chris Stewart.
4:37 of 3rd period - Stopped by Pascal Leclaire with a rebound.
4:39 of 3rd period - Slapshot by Toni Lydman.
4:39 of 3rd period - Shot Blocked by Radim Vrbata.
4:41 of 3rd period - Snap shot by Nazem Kadri.
4:41 of 3rd period - Goal by Nazem Kadri - Coyotes : 4 - Stars : 4.
4:42 of 3rd period - Vincent Lecavalier wins face-off versus Ryan Getzlaf in neutral zone.
5:07 of 3rd period - Michael Frolik is hit by Ramzi Abid and loses puck.
6:22 of 3rd period - Wrist shot by Tyler Ennis.
6:22 of 3rd period - Shot Misses the Net.
6:24 of 3rd period - Backhand shot by Brent Sopel.
6:24 of 3rd period - Stopped by Pascal Leclaire with a rebound.
6:26 of 3rd period - Snap shot by Tyler Ennis.
6:26 of 3rd period - Shot Misses the Net.
6:28 of 3rd period - Wrist shot by Georges Laraque.
6:28 of 3rd period - Stopped by Pascal Leclaire with a rebound.
6:30 of 3rd period - Snap shot by Georges Laraque.
6:30 of 3rd period - Shot Blocked by Ryan Getzlaf.
6:32 of 3rd period - Snap shot by Josh Gorges.
6:32 of 3rd period - Deflect By Tyler Ennis.
6:32 of 3rd period - Goal by Tyler Ennis - Coyotes : 5 - Stars : 4.
6:33 of 3rd period - Vincent Lecavalier wins face-off versus John Tavares in neutral zone.
6:38 of 3rd period - Snap shot by Vincent Lecavalier.
6:38 of 3rd period - Stopped by Pascal Leclaire without a rebound.
6:39 of 3rd period - Vincent Lecavalier wins face-off versus John Tavares in Stars zone.
7:04 of 3rd period - Wrist shot by Chris Stewart.
7:04 of 3rd period - Stopped by Pascal Leclaire without a rebound.
7:05 of 3rd period - Michal Handzus wins face-off versus Nazem Kadri in Stars zone.
7:05 of 3rd period - Michal Handzus is hit by Ramzi Abid.
7:29 of 3rd period - Anton Stralman is hit by Michal Handzus.
7:57 of 3rd period - Snap shot by Chris Stewart.
7:57 of 3rd period - Deflect By Ramzi Abid.
7:57 of 3rd period - Shot Misses the Net.
7:57 of 3rd period - Puck is out of play.
7:58 of 3rd period - Vincent Lecavalier wins face-off versus John Tavares in Stars zone.
8:48 of 3rd period - Slapshot by Tyler Ennis.
8:48 of 3rd period - Stopped by Pascal Leclaire with a rebound.
8:50 of 3rd period - Wrist shot by Tyler Ennis.
8:50 of 3rd period - Stopped by Pascal Leclaire with a rebound.
8:52 of 3rd period - Wrist shot by Brooks Laich.
8:52 of 3rd period - Stopped by Pascal Leclaire without a rebound.
8:53 of 3rd period - Vincent Lecavalier wins face-off versus Radim Vrbata in Stars zone.
9:26 of 3rd period - Snap shot by Maxim Talbot.
9:26 of 3rd period - Shot Misses the Net.
9:29 of 3rd period - Icing by Trevor Daley.
9:30 of 3rd period - Brooks Laich wins face-off versus Ryan Getzlaf in Stars zone.
9:44 of 3rd period - Minor Penalty to Trevor Daley for Roughing.
9:45 of 3rd period - Michal Handzus wins face-off versus Vincent Lecavalier in Stars zone.
11:04 of 3rd period - Icing by Josh Gorges.
11:05 of 3rd period - Michal Handzus wins face-off versus Vincent Lecavalier in Coyotes zone.
11:22 of 3rd period - Brian Lee is hit by Anton Stralman and loses puck.
11:44 of 3rd period - Penalty to Trevor Daley is over, Trevor Daley is back on ice.
12:03 of 3rd period - Snap shot by Martin Samuelsson.
12:03 of 3rd period - Stopped by Pascal Leclaire with a rebound.
12:05 of 3rd period - Wrist shot by Josh Gorges.
12:05 of 3rd period - Stopped by Pascal Leclaire with a rebound.
12:25 of 3rd period - Minor Penalty to John Tavares for High sticking.
12:26 of 3rd period - Vincent Lecavalier wins face-off versus Michal Handzus in Stars zone.
14:25 of 3rd period - Penalty to John Tavares is over, John Tavares is back on ice.
14:47 of 3rd period - Snap shot by Martin Samuelsson.
14:47 of 3rd period - Goal by Martin Samuelsson - Coyotes : 6 - Stars : 4.
14:48 of 3rd period - John Tavares wins face-off versus Brooks Laich in neutral zone.
15:09 of 3rd period - Minor Penalty to Radim Vrbata for Hooking.
15:10 of 3rd period - Vincent Lecavalier wins face-off versus Michal Handzus in Stars zone.
16:11 of 3rd period - Peter Worrell is hit by Vincent Lecavalier.
17:09 of 3rd period - Penalty to Radim Vrbata is over, Radim Vrbata is back on ice.
17:21 of 3rd period - Johnny Oduya is hit by Enver Lisin and loses puck.
18:32 of 3rd period - Snap shot by Johnny Oduya.
18:32 of 3rd period - Stopped by Ryan Miller without a rebound.
18:33 of 3rd period - Marcus Kruger wins face-off versus Nazem Kadri in Coyotes zone.
18:44 of 3rd period - Brian Lee is hit by Anton Stralman and loses puck.
19:57 of 3rd period - Wrist shot by Jussi Jokinen.
19:57 of 3rd period - Shot Blocked by Georges Laraque.
19:59 of 3rd period - Wrist shot by Ryan Getzlaf.
19:59 of 3rd period - Shot Blocked by Toni Lydman.
Goals for this period are 3 for Coyotes vs 0 for Stars.
Shots for this period are 17 for Coyotes vs 3 for Stars.
Back to the Top